 Dungeon Crawl Stone Soup version 0.28-a0-512-g960c72b710 (webtiles) character file.

Game seed: 9771801482935392864

140 Lekart the Skirmisher (level 5, -4/51 HPs)
             Began as a Draconian Chaos Knight on Sept 22, 2021.
             Was a Plaything of Xom.
             Killed by divine providence
             ... invoked by an orc priest
              (11 damage)
             ... on level 4 of the Dungeon.
             The game lasted 00:04:24 (3350 turns).

Lekart the Skirmisher (Draconian Chaos Knight)      Turns: 3350, Time: 00:04:24

Health: -4/51      AC:  9    Str: 14    XL:     5   Next: 2%
Magic:  5/5        EV: 12    Int: 13    God:    Xom [....*.]
Gold:   321        SH: 10    Dex: 13    Spells: 4/4 levels left

rFire   . . .      SeeInvis .   a - +0 falchion (chaos)
rCold   . . .      Faith    .   e - +1 buckler
rNeg    . . .      Spirit   .   (armour unavailable)
rPois   .          Reflect  +   (helmet restricted)
rElec   .          Harm     .   p - +0 cloak
rCorr   .          Rampage  .   m - +1 pair of gloves
Will    +....                   g - +0 pair of boots
Stlth   ++........              k - amulet of reflection
HPRegen 0.17/turn               b - ring of flight
MPRegen 0.09/turn               (no ring)

@: flying
A: AC +5, unfitting armour, cold-blooded, talons 1, thin skeletal structure 1,
strong-willed 1, robust 1
a: Renounce Religion


You were on level 4 of the Dungeon.
You worshipped Xom.
You were a beloved toy of Xom.
You visited 1 branch of the dungeon, and saw 4 of its levels.

You collected 553 gold pieces.
You spent 232 gold pieces at shops.

Inventory:

Hand Weapons
 a - a +0 falchion of chaos (weapon)
Armour
 e - a +1 buckler (worn)
 g - a +0 pair of boots (worn)
 m - a +1 pair of gloves (worn)
 p - a +0 cloak (worn)
Jewellery
 b - a ring of flight (left hand)
 k - an amulet of reflection (around neck)
Wands
 l - a wand of iceblast (4)
Scrolls
 c - a scroll of silence
 h - 3 scrolls of identify
 i - a scroll of magic mapping
 j - 2 scrolls of immolation
Potions
 d - a potion of cancellation
 f - a potion of curing {unknown}
 n - a potion of might {unknown}


   Skills:
 * Level 4.5 Fighting
 + Level 4.1 Long Blades
 + Level 2.7 Dodging
 * Level 1.6 Shields


You had 4 spell levels left.
You didn't know any spells.
Your spell library contained the following spells:

 Spells                   Type           Power      Damage    Failure   Level
 Conjure Flame            Conj/Fire      0%         6-21      77%         3
 Ignite Poison            Fire/Tmut/Pois 0%         N/A       77%         3
 Inner Flame              Hex/Fire       0%         N/A       77%         3
 Mephitic Cloud           Conj/Pois/Air  0%         N/A       77%         3
 Cause Fear               Hex            0%         N/A       99%         4
 Sticky Flame             Conj/Fire      0%         2d3       99%         4
 Freezing Cloud           Conj/Ice/Air   0%         6-21      100%        5
 Summon Forest            Summ/Tloc      0%         N/A       100%        5
 Eringya's Noxious Bog    Tmut/Pois      0%         N/A       100%        6
 Summon Hydra             Summ           0%         N/A       100%        7
 Discord                  Hex            0%         N/A       100%        8


Dungeon Overview and Level Annotations

Branches:
Dungeon (4/15)             Temple (0/1) D:4

Altars:

Shops:
D:2 *   D:4 [


Innate Abilities, Weirdness & Mutations

Your plain brown scales are hard. (AC +5)
You cannot fit into any form of body armour.
You are cold-blooded and may be slowed by cold attacks.
You have sharp toenails.
You have a somewhat thin skeletal structure. (Dex +2, Stealth+)
You are strong-willed. (Will+)
You are robust. (+10% HP)


Message History

An ogre comes into view. It is wielding a +0 giant club.
Found a grey potion.
There are monsters nearby!
The orc priest shouts!
You hit the orc. You tail-slap the orc.
You kill the orc!
You have reached level 5!
You hit the orc. You drain the orc.
The orc is almost dead.
You block the orc's attack. The orc hits you with a +0 dagger.
You hit the orc.
You kill the orc!
You barely miss the orc priest. You tail-slap the orc priest.
The orc priest is moderately wounded.
The orc priest hits you but does no damage.
Okay, then.
You barely miss the orc priest. You tail-slap the orc priest.
The orc priest is heavily wounded.
The orc priest calls down the wrath of Beogh upon you.
Pain shoots through your body!
A shower of butterflies erupts from you!
You hit the orc priest but do no damage.
You tail-slap the orc priest.
The orc priest is heavily wounded.
The orc priest invokes the aid of Beogh against you.
Beogh smites you!
You swap places.
The orc priest completely misses your butterfly.
You swap places.
The orc priest misses your butterfly.
The orc priest calls down the wrath of Beogh upon you.
Your butterfly writhes in agony.
Your butterfly dies!
Your butterfly disappears in a puff of smoke!
The orc priest mumbles some strange prayers to Beogh against you.
Beogh smites you!
* * * LOW HITPOINT WARNING * * *
The orc priest mumbles some strange prayers to Beogh against you.
Beogh smites you!
You die...
Xom chuckles heartily!

,*,,,,,,,,* #............##..
,*,.......* #...###.###..##..
,*,.......* #...# #<# ##.##..
,*,.......***** #...# #.####.##..
,*,......!,,,,* #...# #..........
,*,.......,,,,* #...# #..........
,*,.......,,,,* #...###.####..#..
,*,.....b)#######.............#..
,,,......Oo....b@.............#..
,*,.......#######....##.###......
,,,.....##* ##.#.##.#........
***####,* ###.#....#.#....>. *,*
#.........††...#.. *,*
#............#.#..
*,*******#.#.#.##.#.#.#.#..
*,,,,,,,*#.#.#.##.#.#.#.#..
*,********,.........#.#(#..


You could see an ogre and an orc priest (ally target).

Vanquished Creatures
  Robin (D:3)
  3 adders
  3 dart slugs
  2 orcs (D:4)
  5 endoplasms
  4 giant cockroaches
  21 goblins
  9 hobgoblins
  3 jackals (D:3)
  4 kobolds
  2 quokkas (D:3)
  6 ball pythons
  3 bats
  6 frilled lizards
  5 rats
77 creatures vanquished.

Vanquished Creatures (others)
  An adder (D:2)
1 creature vanquished.

Grand Total: 78 creatures vanquished

Notes
Turn   | Place    | Note
-------+----------+-------------------------------------------
     0 | D:1      | Lekart the Draconian Chaos Knight began the quest for the
                  | Orb.
     0 | D:1      | Reached XP level 1. HP: 19/19 MP: 1/1
    22 | D:1      | XOM: silly message
    68 | D:1      | XOM: 2-stop teleportation journey
   213 | D:1      | XOM: 1-stop teleportation journey
   229 | D:1      | Found a faded altar of an unknown god.
   350 | D:1      | Reached XP level 2. HP: 27/27 MP: 2/2
  1064 | D:1      | XOM is BORED!
  1338 | D:2      | Found Maidirro's Assorted Antiques.
  1532 | D:2      | XOM: divine lightning
  1533 | D:2      | Reached XP level 3. HP: 33/33 MP: 3/3
  1840 | D:3      | XOM: noise
  1856 | D:3      | XOM: god gift: 415 gold pieces
  1953 | D:3      | XOM: 2-stop teleportation journey
  2072 | D:3      | Reached XP level 4. HP: 34/41 MP: 4/4
  2207 | D:3      | XOM: silly message
  2288 | D:3      | XOM: confusion (+ monsters)
  2351 | D:3      | Noticed Robin
  2594 | D:3      | Killed Robin
  2595 | D:3      | Reached skill level 1 in Shields
  3141 | D:4      | XOM: give mutations
  3141 | D:4      | Gained mutation: You are robust. (+10% HP) [Xom's grace]
  3141 | D:4      | Gained mutation: You are strong-willed. (Will+) [Xom's
                  | grace]
  3141 | D:4      | Gained mutation: You have sharp toenails. [Xom's grace]
  3141 | D:4      | Gained mutation: You have a somewhat thin skeletal
                  | structure. (Dex +2, Stealth+) [Xom's grace]
  3231 | D:4      | Found Ykijel's Antique Armour Shop.
  3239 | D:4      | Bought a pair of embroidered gloves for 232 gold pieces
  3294 | D:4      | Found a staircase to the Ecumenical Temple.
  3338 | D:4      | Noticed an ogre
  3340 | D:4      | Reached XP level 5. HP: 51/51 MP: 5/5
  3344 | D:4      | XOM: butterfly on damage
  3350 | D:4      | Killed from afar by an orc priest

Illustrated notes

Levels and vault maps discovered:
D:1:      roderic_chinese_lattice_arrival, layout_basic,
          chequers_ecumenical_altar_simple, minmay_tromino_v7
D:2:      layout_loops_cross, serial_shops, shop
D:3:      kennysheep_goblin_castle, layout_rooms
D:4:      layout_basic, minmay_temple_entry_sparse_star, serial_shops,
          nicolae_shop_overgrown_old_shop, lightli_sewer_entry_pipes

Skill      XL: |  1  2  3  4 |
---------------+-------------+-----
Fighting       | 4 |  4.5
Long Blades    | 4 |  4.1
Shields        | 1 |  1.6
Dodging        | |  2.7

Action                   |  1- 3 |  4- 6 || total
-------------------------+-------+-------++-------
Melee: Falchion          |   109 |    91 ||   200
       Tailslap          |    13 |    19 ||    32
  Use: Scroll            |     2 |     6 ||     8
 Stab: Sleeping          |     1 |       ||     1
Armor: Skin              |    28 |    32 ||    60
Dodge: Dodged            |    49 |    48 ||    97
Block: Buckler           |    24 |    55 ||    79
       Reflection        |     2 |     2 ||     4

Table legend: (Time is in decaauts)
 A = Elapsed time spent in this place.
 B = Non-inter-level travel time spent in this place.
 C = Inter-level travel time spent in this place.
 D = Time resting spent in this place.
 E = Time spent auto-exploring this place.
 F = Levels seen in this place.
 G = Mean time per level.
                   A        B        C        D        E       F      G
               +--------+--------+--------+--------+--------+-----+--------+
         Total |   3389 |   3084 |    305 |    189 |   2321 |   4 |  847.2 |
       Dungeon |   3389 |   3084 |    305 |    189 |   2321 |   4 |  847.2 |
               +--------+--------+--------+--------+--------+-----+--------+

Top non-repeatable levels by time:
     D:1: 1247 daAuts
     D:3: 1035 daAuts
     D:2: 610 daAuts
     D:4: 496 daAuts
